 Dungeon Crawl Stone Soup version 0.31.0-32-g396128a36d (webtiles) character file.

Game seed: 9286266424767756166

453 Alphaeus the Ruffian (level 6, -1/88 HPs)
             Began as a Troll Shapeshifter on Mar 18, 2024.
             Slain by an orc warrior
             ... wielding a +0 battleaxe
              (12 damage)
             ... on level 7 of the Dungeon.
             The game lasted 00:03:13 (2874 turns).

Alphaeus the Ruffian (Troll Shapeshifter)           Turns: 2874, Time: 00:03:14

Health: -1/88      AC: 23    Str: 23    XL:     6   Next: 75%
Magic:  5/5        EV:  1    Int:  8    God:
Gold:   198        SH:  0    Dex:  9    Spells: 5/5 levels left

rFire   . .          .
                       - Unarmed
rCold   . . .        (no shield)
rNeg    . . .        a - melded +0 animal skin
rPois   +            (helmet currently unavailable)
rElec   .            (cloak currently unavailable)
rCorr   .            (gloves unavailable)
SInv    .            (boots unavailable)
Will    .....        (no amulet)
Stlth   +            (no ring)
HPRegen 1.14/turn    (no ring)
MPRegen 0.09/turn

%: no passive effects
@: tree-form
A: stationary, stasis, torment immunity, boosted hp, large, unfitting armour,
(claws 3), regeneration 1, (shaggy fur 1), (tough skin 1)
a: no special abilities


You were on level 7 of the Dungeon.
You were a tree.
You visited 1 branch of the dungeon, and saw 7 of its levels.

You collected 198 gold pieces.

Inventory:

Armour
 a - a +0 animal skin (melded)
Jewellery
 n - a +6 ring of strength
 p - an amulet of magic regeneration
 s - a ring of positive energy
Talismans
 c - a beast talisman
 d - a flux talisman
Wands
 t - a wand of acid (9)
Scrolls
 g - 3 scrolls of enchant weapon {unknown}
 i - 3 scrolls of fog {unknown}
 j - 3 scrolls of identify {unknown}
 o - 2 scrolls of teleportation {unknown}
 r - 2 scrolls of immolation {unknown}
Potions
 e - a potion of heal wounds {unknown}
 f - a potion of brilliance {unknown}
 h - a potion of degeneration {unknown}
 k - 2 potions of curing {unknown}
 l - a potion of attraction {unknown}
 m - a potion of mutation {unknown}
 q - a potion of haste {unknown}


   Skills:
 + Level 2.5 Fighting
 - Level 1.5 Dodging
 * Level 5.3 Unarmed Combat
 * Level 5.1 Shapeshifting


You had 5 spell levels left.
You didn't know any spells.
Your spell library contained the following spells:

 Spells                   Type           Power      Damage    Failure   Level
 Slow                     Hex            0%         N/A       41%         1
 Confusing Touch          Hex            0%         N/A       78%         3
 Sigil of Binding         Hex            0%         N/A       78%         3
 Vampiric Draining        Necr           0%         2d6       78%         3


Dungeon Overview and Level Annotations

Branches:
Dungeon (8/15)
 Temple: D:4-7         Lair: D:8-11

Altars:
Dithmenos
Vehumet

Shops:
D:2 (   D:3 (   D:4 [


Innate Abilities, Weirdness & Mutations

You are a tree.
Your roots penetrate the ground, keeping you stationary.
You cannot be teleported.
You are immune to unholy pain and torment.
Your maximum health is greatly increased.
Your equipment is partially melded.
You are too large for most types of armour.
((You have claws for hands.))
Your natural rate of healing is unusually fast.
((You are covered in fur. (AC +1)))
((You have tough skin. (AC +1)))


Message History

An orc warrior comes into view. It is wielding a +0 battleaxe.
Found an escape hatch in the ceiling.
The orc warrior shouts!
An orc comes into view. It is wielding a +0 hand axe.
The orc shouts!
Found 5 stones.
The orc hits you with a +0 short sword.
You completely miss the orc. You claw the orc!
You kill the orc!
You claw the orc warrior!
The orc warrior is moderately wounded.
The orc warrior hits you with a +0 battleaxe!!
You scratch the orc warrior but do no damage.
The orc warrior is moderately wounded.
The orc warrior hits you with a +0 battleaxe!
The orc hits you with a +0 hand axe.
You are too injured to fight recklessly!
You are too injured to fight recklessly!
You are too injured to fight recklessly!
You are too injured to fight recklessly!
You are too injured to fight recklessly!
You are too injured to fight recklessly!
You are too injured to fight recklessly!
The orc warrior attacks as it pursues you!
The orc warrior hits you with a +0 battleaxe!
* * * LOW HITPOINT WARNING * * *
Your transformation has ended.
You turn into a tree.
Your +0 animal skin melds into your body.
Your roots penetrate the ground.
The orc warrior hits you with a +0 battleaxe!
* * * LOW HITPOINT WARNING * * *
You barely miss the orc warrior.
The orc warrior is moderately wounded.
The orc hits you but does no damage.
The orc warrior hits you but does no damage.
You closely miss the orc warrior.
The orc warrior is moderately wounded.
The orc warrior hits you with a +0 battleaxe!
You die...

#....... #.... #.......
#.... #....... #...(.
##.....# #.....
####.....# ..<...#####
####.........
..........###............
.......##.#..............
......)o♣................
.......o#............>...
.#.......................
#..#.#.....[............
... #.###................
.# .. ...#..............
.. ...#.#.....#.....# ...
...##.##..######### #.


You could see an orc warrior and an orc.

Vanquished Creatures
  A phantom (D:4)
  A scorpion (D:5)
  A jelly (D:5)
  An orc priest (D:4)
  A hound (D:4)
  An iguana (D:4)
  An orc wizard (D:3)
  8 adders
  4 dart slugs
  13 orcs
  8 ball pythons
  2 bats (D:1)
  11 endoplasms
  6 giant cockroaches
  5 goblins
  4 hobgoblins
  3 jackals (D:1)
  5 quokkas
  3 frilled lizards
  8 kobolds
  3 rats
90 creatures vanquished.

Notes
Turn   | Place    | Note
-------+----------+-------------------------------------------
     0 | D:1      | Alphaeus the Troll Shapeshifter began the quest for the
                  | Orb.
     0 | D:1      | Reached XP level 1. HP: 18/18 MP: 0/0
    94 | D:1      | Reached skill level 1 in Fighting
    96 | D:1      | Reached XP level 2. HP: 24/27 MP: 1/1
   681 | D:1      | Reached XP level 3. HP: 33/33 MP: 2/2
   941 | D:2      | Found Fuopp's Weapon Shop.
  1102 | D:2      | Reached XP level 4. HP: 34/41 MP: 3/3
  1427 | D:3      | Reached XP level 5. HP: 28/49 MP: 4/4
  1465 | D:3      | Identified the +0 ring mail "Xeqatub" {Regen+ Dex+3 Slay+3}
  1584 | D:3      | Found a shadowy altar of Dithmenos.
  1623 | D:3      | Found Oxtar's Antique Weapon Boutique.
  1934 | D:4      | Found Biwkapt's Armour Shoppe.
  2181 | D:4      | Noticed a phantom
  2197 | D:4      | Killed a phantom
  2198 | D:4      | Reached XP level 6. HP: 45/57 MP: 5/5
  2261 | D:4      | Reached skill level 5 in Unarmed Combat
  2668 | D:5      | Entered Level 5 of the Dungeon
  2788 | D:5      | Reached skill level 5 in Shapeshifting
  2811 | D:5      | You fall into a shaft and drop 3 floors!
  2812 | D:8      | Found a radiant altar of Vehumet.
  2864 | D:7      | Noticed an orc warrior
  2874 | D:7      | Slain by an orc warrior

Illustrated notes

Levels and vault maps discovered:
D:1:      co_arrival_square_in_a_square_in_a_square, layout_basic,
          minmay_misc_feat_four_crosses
D:2:      layout_loops_ring, serial_shops, nicolae_shop_behind_doors
D:3:      layout_rooms, lemuel_tele_altar, serial_shops, shop,
          chequers_serial_rivers_micro_c
D:4:      layout_basic, serial_shops, nicolae_shop_waterfront, minivault_19
D:5:      layout_cave_pods, chequers_temple_overflow_statue_of_worship,
          gammafunk_ghost_smash
D:7:      layout_rooms, makhleb_altar_promises_db, uniq_jeremiah, uniq_maggie,
          uniq_maurice
D:8:      layout_cave_pools, vehumet_altar_wand_db, kennysheep_mini_moat,
          serial_gnoll_camp, gnoll_camp_mini_hut, gnoll_camp_medium_02,
          gnoll_camp_mini_house, gnoll_camp_mini_hut

Skill      XL: |  1  2  3  4  5  6 |
---------------+-------------------+-----
Fighting       | 1 2 |  2.5
Unarmed Combat | 4 5 |  5.3
Shapeshifting  | 4 5 |  5.1
Dodging        | |  1.5

Action                     |  1- 3 |  4- 6 || total
---------------------------+-------+-------++-------
  Melee: Unarmed           |    83 |   134 ||   217
         Punch             |     1 |     2 ||     3
    Use: Potion            |       |     1 ||     1
   Stab: Sleeping          |     1 |     1 ||     2
 Armour: Animal skin       |    52 |   113 ||   165
         Skin              |       |     4 ||     4
  Dodge: Dodged            |    30 |    58 ||    88
